 Dungeon Crawl Stone Soup version 0.30.0-5-g1a98f26d00 (webtiles) character file.

Game seed: 2461917691078147227

817 Cheops the Insei (level 7, -2/53 HPs)
             Began as a Gnoll Transmuter on May 11, 2023.
             Was an Initiate of Gozag.
             Slain by a wyvern (14 damage)
             ... on level 4 of the Dungeon.
             The game lasted 00:11:47 (3172 turns).

Cheops the Insei (Gnoll Transmuter)                 Turns: 3172, Time: 00:11:47

Health: -2/53      AC:  3    Str: 11    XL:     7   Next: 94%
Magic:  15/15      EV: 14    Int: 12    God:    Gozag
Gold:   111        SH:  0    Dex: 13    Spells: 11/17 levels left

rFire   + .          .
                       - Unarmed
rCold   . . .        (no shield)
rNeg    + . .        n - +1 robe {rF+}
rPois   +            (no helmet)
rElec   .            (no cloak)
rCorr   .            (no gloves)
SInv    .            (no boots)
Will    .....        s - amulet of magic regeneration
Stlth   ++           i - ring of poison resistance
HPRegen 0.28/turn    r - ring of positive energy
MPRegen 0.54/turn

%: no passive effects
@: no status effects
A: fangs 1, strong nose, distributed training
a: Renounce Religion, Potion Petition, Call Merchant, Bribe Branch


You were on level 4 of the Dungeon.
You worshipped Gozag.
Gozag was aware of your devotion.
You visited 1 branch of the dungeon, and saw 4 of its levels.

You collected 237 gold pieces.
You spent 126 gold pieces at shops.

Inventory:

Hand Weapons
 b - a +6 short sword of holy wrath
 c - a +2 dagger of venom
 d - a +0 antimagic falchion
 e - the +10 hand axe of Woumop {freeze, rF+ Int+2}
   (You found it on level 4 of the Dungeon)

   Int:       It affects your intelligence (+2).
   rF:        It protects you from fire.
Armour
 n - a +1 robe of fire resistance (worn)
Jewellery
 i - a ring of poison resistance (left hand)
 r - a ring of positive energy (right hand)
 s - an amulet of magic regeneration (around neck)
Scrolls
 f - a scroll of poison {unknown}
 g - 2 scrolls of silence {unknown}
 h - a scroll of enchant armour {unknown}
 j - 2 scrolls of blinking {unknown}
 p - 4 scrolls of identify {unknown}
 t - a scroll of fog {unknown}
 v - a scroll of fear
 w - a scroll of magic mapping
Potions
 a - a potion of heal wounds {unknown}
 k - a potion of magic {unknown}
 l - a potion of attraction {unknown}
 m - a potion of mutation {unknown}
 o - a potion of lignification
 q - 2 potions of ambrosia {unknown}
 u - 2 potions of invisibility {unknown}


   Skills:
 + Level 3.9 Fighting
 + Level 2.9 Short Blades
 + Level 2.9 Long Blades
 + Level 2.9 Axes
 + Level 2.9 Maces & Flails
 + Level 2.9 Polearms
 + Level 2.9 Staves
 + Level 2.9 Ranged Weapons
 + Level 2.9 Throwing
 + Level 2.9 Armour
 + Level 5.4 Dodging
 + Level 2.9 Stealth
 + Level 2.9 Shields
 + Level 7.2 Unarmed Combat
 + Level 5.8 Spellcasting
 + Level 2.3 Conjurations
 + Level 2.3 Hexes
 + Level 2.3 Summonings
 + Level 2.3 Necromancy
 + Level 2.3 Translocations
 + Level 4.5 Transmutations
 + Level 2.3 Fire Magic
 + Level 2.3 Ice Magic
 + Level 2.3 Air Magic
 + Level 2.3 Earth Magic
 + Level 2.3 Poison Magic
 + Level 3.2 Invocations
 + Level 2.9 Evocations


You had 11 spell levels left.
You knew the following spells:

 Your Spells              Type           Power      Damage    Failure   Level
a - Beastly Appendage     Tmut           28%        N/A       2%          1
s - Spider Form           Tmut/Pois      11%        N/A       13%         3
w - Wereblood             Tmut           14%        N/A       4%          2

Your spell library contained the following spells:

 Spells                   Type           Power      Damage    Failure   Level
 Inner Flame              Hex/Fire       9%         N/A       21%         3
 Ice Form                 Ice/Tmut       11%        N/A       41%         4
 Flame Wave               Conj/Fire      9%         2d6       56%         4
 Sticky Flame             Conj/Fire      9%         2d3       56%         4


Dungeon Overview and Level Annotations

Branches:
Dungeon (4/15)
 Temple: D:4-7

Altars:
Gozag

Shops:
D:4 ?


Innate Abilities, Weirdness & Mutations

You have very sharp teeth.
Your uncanny sense of smell can sniff out nearby items.
Your experience applies equally to all skills.


Message History

Okay, then.
v - a scroll of fear;
w - a scroll of magic mapping Thank you for shopping at Terrag's Magic Scroll Shop!
Okay, then.
There is an open door here.
Found a war axe.
A wyvern comes into view.
A wyvern is nearby!
A wyvern is nearby!
A wyvern is nearby!
A wyvern is nearby!
Casting: Spider Form (dangerous; 13% risk of failure)
Confirm with . or Enter, or press ? or * to list all spells.
You turn into a venomous arachnid creature.
Your +1 robe of fire resistance melds into your body.
You feel less resistant to fire.
The wyvern hisses angrily.
The wyvern bites you!
You hit the wyvern but do no damage.
The wyvern is poisoned.
The wyvern misses you.
You barely miss the wyvern. The wyvern bites you.
You bite the wyvern!
The wyvern looks as sick as possible!
The wyvern is heavily wounded.
The wyvern closely misses you.
You hit the wyvern.
The wyvern looks as sick as possible!
The wyvern is severely wounded.
The wyvern bites you!
* * * LOW HITPOINT WARNING * * *
The wyvern misses you.
You hit the wyvern.
The wyvern looks as sick as possible!
The wyvern is almost dead.
Your transformation has ended.
Your +1 robe of fire resistance unmelds from your body.
You feel resistant to fire. The wyvern bites you!
* * * LOW HITPOINT WARNING * * *
You closely miss the wyvern.
The wyvern is almost dead.
The wyvern bites you!
You die...
Your body crumbles into a pile of gold.

... .## .. .... ... .... .#
#### ##..####.####...##
.#.........#.......
......l............
.......@###.#......
............#).....
.........#.........
........###........ ......#
........###..#.....
......####.......#...##.....
........##...........#......
........ ..................#
.......##.#................#


You could see a wyvern (extremely poisoned).

Vanquished Creatures
  Sigmund (D:2)
  Eustachio (D:4)
  2 ogres (D:4)
  A scorpion (D:4)
  Terence (D:2)
  An iguana (D:4)
  3 orc wizards (D:3)
  4 gnolls
  3 adders
  A worm (D:2)
  A dart slug (D:2)
  17 orcs
  3 bats
  6 endoplasms
  3 giant cockroaches
  9 goblins
  7 hobgoblins
  3 jackals (D:3)
  3 quokkas
  8 ball pythons
  4 frilled lizards
  10 kobolds
  4 rats
96 creatures vanquished.

Notes
Turn   | Place    | Note
-------+----------+-------------------------------------------
     0 | D:1      | Cheops the Gnoll Transmuter began the quest for the Orb.
     0 | D:1      | Reached XP level 1. HP: 17/17 MP: 6/6
    65 | D:1      | Reached XP level 2. HP: 17/23 MP: 7/7
   368 | D:1      | Reached skill level 5 in Spellcasting
   368 | D:1      | Reached XP level 3. HP: 24/28 MP: 6/9
   579 | D:1      | Learned a level 3 spell: Spider Form
   582 | D:1      | Learned a level 2 spell: Wereblood
   745 | D:2      | Reached skill level 1 in Invocations
   778 | D:2      | Noticed Terence
   825 | D:2      | Killed Terence
   826 | D:2      | Reached skill level 1 in Short Blades
   826 | D:2      | Reached skill level 1 in Long Blades
   826 | D:2      | Reached skill level 1 in Axes
   826 | D:2      | Reached skill level 1 in Maces & Flails
   826 | D:2      | Reached skill level 1 in Polearms
   826 | D:2      | Reached skill level 1 in Staves
   826 | D:2      | Reached skill level 1 in Ranged Weapons
   826 | D:2      | Reached skill level 1 in Throwing
   826 | D:2      | Reached skill level 1 in Armour
   826 | D:2      | Reached skill level 1 in Stealth
   826 | D:2      | Reached skill level 1 in Shields
   826 | D:2      | Reached skill level 1 in Evocations
   826 | D:2      | Reached XP level 4. HP: 34/34 MP: 11/11
  1019 | D:2      | Reached skill level 1 in Conjurations
  1019 | D:2      | Reached skill level 1 in Hexes
  1019 | D:2      | Reached skill level 1 in Summonings
  1019 | D:2      | Reached skill level 1 in Necromancy
  1019 | D:2      | Reached skill level 1 in Translocations
  1019 | D:2      | Reached skill level 1 in Fire Magic
  1019 | D:2      | Reached skill level 1 in Ice Magic
  1019 | D:2      | Reached skill level 1 in Air Magic
  1019 | D:2      | Reached skill level 1 in Earth Magic
  1019 | D:2      | Reached skill level 1 in Poison Magic
  1219 | D:2      | Noticed Sigmund
  1245 | D:2      | Killed Sigmund
  1246 | D:2      | Reached XP level 5. HP: 19/41 MP: 12/12
  1246 | D:2      | Reached XP level 6. HP: 22/47 MP: 14/14
  1250 | D:2      | Reached skill level 5 in Dodging
  1765 | D:3      | Found a faded altar of an unknown god.
  2656 | D:3      | Prayed at the altar of an unknown god.
  2656 | D:3      | Became a worshipper of Gozag Ym Sagoz the Greedy
  2752 | D:4      | Reached skill level 7 in Unarmed Combat
  2752 | D:4      | Reached XP level 7. HP: 29/52 MP: 15/15
  3082 | D:4      | Found Terrag's Magic Scroll Shop.
  3082 | D:4      | Identified the +10 hand axe of Woumop {freeze, rF+ Int+2}
  3086 | D:4      | Noticed Eustachio
  3106 | D:4      | Killed Eustachio
  3151 | D:4      | Bought a scroll of fear for 44 gold pieces
  3151 | D:4      | Bought a scroll of magic mapping for 82 gold pieces
  3160 | D:4      | Noticed a wyvern
  3172 | D:4      | Slain by a wyvern

Illustrated notes

Levels and vault maps discovered:
D:1:      grunt_arrival_crossed_arrows, layout_rooms,
          nicolae_figureground_sparkle
D:2:      layout_loops_cross, minmay_tiny_reverse_x, uniq_sigmund, uniq_terence
D:3:      layout_loops_corners, nicolae_ecumenical_oubliette
D:4:      minmay_bubble_buster, layout_cave_pools,
          grunt_temple_overflow_diamond, serial_shops,
          nicolae_shop_window_shopping, uniq_eustachio

Skill      XL: |  1  2  3  4  5  6  7 |
---------------+----------------------+-----
Spellcasting   | 5 |  5.8
Invocations    | 1 2 3 |  3.2
Short Blades   | 1 2 |  2.9
Long Blades    | 1 2 |  2.9
Axes           | 1 2 |  2.9
Maces & Flails | 1 2 |  2.9
Polearms       | 1 2 |  2.9
Staves         | 1 2 |  2.9
Ranged Weapons | 1 2 |  2.9
Throwing       | 1 2 |  2.9
Armour         | 1 2 |  2.9
Stealth        | 1 2 |  2.9
Shields        | 1 2 |  2.9
Evocations     | 1 2 |  2.9
Conjurations   | 1 2 |  2.3
Hexes          | 1 2 |  2.3
Summonings     | 1 2 |  2.3
Necromancy     | 1 2 |  2.3
Translocations | 1 2 |  2.3
Fire Magic     | 1 2 |  2.3
Ice Magic      | 1 2 |  2.3
Air Magic      | 1 2 |  2.3
Earth Magic    | 1 2 |  2.3
Poison Magic   | 1 2 |  2.3
Fighting       | 3 |  3.9
Transmutations | 4 |  4.5
Dodging        | 5 |  5.4
Unarmed Combat | 7 |  7.2

Action                     |  1- 3 |  4- 6 |  7- 9 || total
---------------------------+-------+-------+-------++-------
  Melee: Unarmed           |    67 |   136 |    29 ||   232
         Kick              |    10 |    10 |       ||    20
         Headbutt          |     7 |     4 |       ||    11
         Bite              |     3 |     5 |       ||     8
         Punch             |       |       |     1 ||     1
   Cast: Beastly Appendage |     7 |     5 |       ||    12
         Spider Form       |     4 |    20 |     4 ||    28
Ability: End Transformatio |       |     1 |       ||     1
   Stab: Sleeping          |     1 |     4 |       ||     5
 Armour: Robe              |     3 |     9 |       ||    12
         Skin              |       |     3 |       ||     3
  Dodge: Dodged            |    46 |    96 |    27 ||   169
